 Dungeon Crawl Stone Soup version 0.30.0-29-ga12c61a403 (webtiles) character file.

Game seed: 8535603324905881671

48 croobank the Conjurer (level 3, -4/24 HPs)
             Began as a Demonspawn Conjurer on June 16, 2023.
             Succumbed to a scorpion's poison
             ... on level 2 of the Dungeon.
             The game lasted 00:05:20 (1454 turns).

croobank the Conjurer (Demonspawn Conjurer)         Turns: 1454, Time: 00:05:21

Health: -4/24      AC:  4    Str:  7    XL:     3   Next: 50%
Magic:  1/6        EV: 12    Int: 21    God:
Gold:   66         SH:  0    Dex: 11    Spells: 3/6 levels left

rFire   . . .        d - +0 short sword
rCold   . . .        (no shield)
rNeg    . . .        a - +0 robe
rPois   .            (no helmet)
rElec   .            (no cloak)
rCorr   .            (no gloves)
SInv    .            (no boots)
Will    .....        (no amulet)
Stlth   ++           (no ring)
HPRegen 0.24/turn    (no ring)
MPRegen 0.10/turn

%: no passive effects
@: lethally poisoned (-4 -> -27)
A: thin metallic scales 1
a: no special abilities


You were on level 2 of the Dungeon.
You visited 1 branch of the dungeon, and saw 2 of its levels.

You collected 66 gold pieces.

Inventory:

Hand Weapons
 b - a +0 dagger
 d - a +0 short sword (weapon)
Armour
 a - a +0 robe (worn)
 h - a +0 ring mail
Scrolls
 e - a scroll of teleportation
Potions
 c - a potion of flight
 f - a potion of haste {unknown}
 g - a potion of curing {unknown}
 i - a potion of might


   Skills:
 + Level 2.3 Dodging
 + Level 2.4 Stealth
 + Level 2.4 Spellcasting
 + Level 4.3 Conjurations


You had 3 spell levels left.
You knew the following spells:

 Your Spells              Type           Power      Damage    Failure   Level
a - Magic Dart            Conj           80%        1d7       2%          1
b - Searing Ray           Conj           40%        2d5       3%          2

Your spell library contained the following spells:

 Spells                   Type           Power      Damage    Failure   Level
 Dazzling Flash           Conj/Hex       22%        N/A       17%         3
 Ozocubu's Armour         Ice            2%         N/A       38%         3
 Fulminant Prism          Conj/Hex       5%         3d7       50%         4
 Iskenderun's Mystic Bla  Conj/Tloc      11%        2d4       50%         4
 Ozocubu's Refrigeration  Ice            1%         4d7       100%        7


Dungeon Overview and Level Annotations

Branches:
Dungeon (2/15)

Altars:


Innate Abilities, Weirdness & Mutations

You are partially covered in thin metallic scales. (AC +2)


Message History

You kill the frilled lizard! (Press . to maintain the ray.)
A worm comes into view.
An endoplasm comes into view.
The searing ray hits the endoplasm.
You kill the endoplasm!
A bat comes into view.
A goblin comes into view. It is wielding a +0 dagger.
The searing ray hits the bat!
You kill the bat!
A scorpion and 2 goblins come into view.
Found a spear, 23 gold pieces and a scroll of teleportation.
The goblin shouts! x2
The worm bites you!
The goblin unwields a +0 club.
The goblin wields a +0 sling.
The goblin shoots a sling bullet.
The sling bullet closely misses you.
You hit the scorpion.
The scorpion is lightly wounded.
The scorpion barely misses you.
You barely miss the scorpion.
The scorpion is lightly wounded.
The scorpion misses you. The worm barely misses you.
The goblin hits you but does no damage.
You closely miss the scorpion.
The scorpion is lightly wounded.
The scorpion barely misses you. The goblin closely misses you.
Your magical contamination has completely faded away.
You closely miss the scorpion.
The scorpion is lightly wounded.
The scorpion stings you!
You are lethally poisoned!
The scorpion poisons you! The worm barely misses you.
The goblin barely misses you. The goblin attacks as you move away!
The goblin closely misses you.
* * * LOW HITPOINT WARNING * * *
You feel very sick. The scorpion stings you.
* * * LOW HITPOINT WARNING * * *
You are more poisoned.
The scorpion poisons you!
You die...

..# #. ## ...# #.
#$#... #..#..
#.##... ...+.
#.#..... #.†g
#.##....
#..w#.#.....
#s##..# #.gg#...#
#...#.@##
#?$)#..##
.#####...####.#
............#.#
............#.# .
.........>..#.##
..
..###+#.........
.. .
#.....##.##.####.#
#.....##.##.##...#
.


You could see a worm, a scorpion and a goblin.

Vanquished Creatures
  A bat (D:2)
  6 endoplasms
  A giant cockroach (D:1)
  A goblin (D:1)
  2 hobgoblins (D:1)
  11 jackals
  2 quokkas (D:2)
  9 ball pythons
  3 frilled lizards
  4 kobolds (D:1)
  2 rats (D:1)
42 creatures vanquished.

Notes
Turn   | Place    | Note
-------+----------+-------------------------------------------
     0 | D:1      | croobank the Demonspawn Conjurer began the quest for the
                  | Orb.
     0 | D:1      | Reached XP level 1. HP: 13/13 MP: 3/3
   162 | D:1      | Gained mutation: You are partially covered in thin metallic
                  | scales. (AC +2) [demonic ancestry]
   162 | D:1      | Reached XP level 2. HP: 6/19 MP: 0/5
   329 | D:1      | Learned a level 2 spell: Searing Ray
   797 | D:1      | Reached XP level 3. HP: 24/24 MP: 0/6
  1448 | D:2      | Noticed a scorpion
  1454 | D:2      | Succumbed to a scorpion's poison

Illustrated notes

Levels and vault maps discovered:
D:1:      ebering_trefoil_3fold, layout_basic, minivault_24
D:2:      layout_basic, minmay_vboxes

Skill      XL: |  1 |
---------------+----+-----
Stealth        | 2 |  2.4
Dodging        | 2 |  2.3
Spellcasting   | |  2.4
Conjurations   | |  4.3

Action                     || total
---------------------------++-------
  Melee: Short sword       ||    89
   Cast: Magic Dart        ||    26
         Searing Ray       ||    10
    Use: Potion            ||     1
         Scroll            ||     3
   Stab: Sleeping          ||     4
         Distracted        ||     1
 Armour: Robe              ||    32
  Dodge: Dodged            ||    84
